 Dungeon Crawl Stone Soup version 0.31-a0-4-gefa6de2278 (webtiles) character file.

Game seed: 4672815613908726589

248 Darkkill the Shooter (level 5, 0/46 HPs)
             Began as a Minotaur Hunter on May 4, 2023.
             Slain by a gnoll
             ... wielding a +0 spear
              (4 damage)
             ... on level 3 of the Dungeon.
             The game lasted 00:02:26 (2775 turns).

Darkkill the Shooter (Minotaur Hunter)              Turns: 2775, Time: 00:02:27

Health: 0/46       AC:  3    Str: 15    XL:     5   Next: 86%
Magic:  4/4        EV: 10    Int:  6    God:
Gold:   138        SH:  0    Dex: 16    Spells: 4/4 levels left

rFire   . . .        a - +0 shortbow
rCold   . . .        (shield currently unavailable)
rNeg    . . .        c - +0 leather armour
rPois   .            (helmet restricted)
rElec   .            (no cloak)
rCorr   .            (no gloves)
SInv    .            (no boots)
Will    .....        (no amulet)
Stlth   ++           (no ring)
HPRegen 0.27/turn    (no ring)
MPRegen 0.09/turn

%: no passive effects
@: constricted
A: horns 2, retaliatory headbutt
a: no special abilities


You were on level 3 of the Dungeon.
You visited 1 branch of the dungeon, and saw 3 of its levels.

You collected 138 gold pieces.

Inventory:

Hand Weapons
 a - a +0 shortbow (weapon)
Missiles
 d - 6 poisoned darts
 j - 10 stones
Armour
 c - a +0 leather armour (worn)
Magical Staves
 h - a staff of earth
Scrolls
 b - a scroll of immolation
 f - a scroll of identify {@r1}
Potions
 e - a potion of mutation


   Skills:
 + Level 4.2 Fighting
 + Level 5.4 Ranged Weapons
 + Level 3.9 Dodging
 + Level 2.6 Stealth


You had 4 spell levels left.
You didn't know any spells.
Your spell library contained the following spells:

 Spells                   Type           Power      Damage    Failure   Level
 Magic Dart               Conj           0%         1d3       52%         1
 Searing Ray              Conj           0%         2d4       67%         2
 Gell's Gravitas          Tloc           0%         N/A       88%         3
 Teleport Other           Tloc           0%         N/A       88%         3
 Fulminant Prism          Conj/Hex       0%         3d5       99%         4
 Dispersal                Tloc           0%         N/A       100%        6


Dungeon Overview and Level Annotations

Branches:
Dungeon (3/15)

Altars:


Innate Abilities, Weirdness & Mutations

You have a pair of horns on your head.
You reflexively headbutt those who attack you in melee.


Message History

A rat comes into view.
A rat is nearby!
You shoot an arrow. The arrow hits the rat.
You kill the rat!
A gnoll comes into view. It is wielding a +0 club.
The gnoll shouts!
You hear a shout!
You shoot an arrow. The arrow hits the gnoll.
The gnoll is lightly wounded.
A gnoll comes into view. It is wielding a +0 club.
There are monsters nearby!
You shoot an arrow.
The arrow hits the gnoll but does no damage.
The gnoll is lightly wounded.
There are monsters nearby!
You shoot an arrow. The arrow hits the gnoll!
The gnoll is severely wounded.
A gnoll comes into view. It is wielding a +0 spear.
A gnoll comes into view. It is wielding a +0 whip.
There are monsters nearby!
There are monsters nearby!
You shoot an arrow. The gnoll shouts!
The arrow hits the gnoll.
The gnoll is almost dead.
You shoot an arrow.
The arrow hits the gnoll but does no damage.
The gnoll is almost dead.
A ball python comes into view.
The gnoll hits you with a +0 club.
The ball python moves out of view.
There are monsters nearby!
You shoot an arrow. The arrow hits the gnoll.
You kill the gnoll!
The gnoll closely misses you. You furiously retaliate!
You headbutt the gnoll.
There are monsters nearby!
You shoot an arrow.
The arrow hits the gnoll but does no damage.
The gnoll is moderately wounded.
The gnoll hits you with a +0 club.
There are monsters nearby!
There are monsters nearby!
You shoot an arrow. The arrow hits the gnoll!
The gnoll is almost dead.
The gnoll misses you. The gnoll barely misses you.
You shoot an arrow. The arrow completely misses the gnoll.
The arrow hits the gnoll.
The gnoll is lightly wounded.
The gnoll closely misses you. The gnoll barely misses you.
There are monsters nearby!
You shoot an arrow.
The arrow hits the gnoll but does no damage.
The gnoll is almost dead.
The gnoll misses you. You furiously retaliate!
You headbutt the gnoll. The gnoll hits you but does no damage.
The gnoll misses you.
There are monsters nearby!
The gnoll attacks as you move away! The gnoll barely misses you.
The gnoll attacks as you move away! The gnoll barely misses you.
The ball python hisses angrily.
You shoot an arrow. The arrow hits the gnoll!
You kill the gnoll!
The gnoll hits you from afar with a +0 spear!
The gnoll hits you with a +0 spear.
You see here a +0 club.
You shoot an arrow. The arrow hits the gnoll!
The gnoll is almost dead.
The gnoll hits you with a +0 spear.
You shoot an arrow. The arrow closely misses the gnoll.
The arrow hits the gnoll but does no damage.
The gnoll is almost dead.
The gnoll hits you from afar with a +0 spear.
The gnoll hits you with a +0 whip.
* * * LOW HITPOINT WARNING * * *
You feel better. The gnoll hits you with a +0 whip!
* * * LOW HITPOINT WARNING * * *
Okay, then.
Fire: a) +0 shortbow
Press: ? - help, Q - select action, (/) - cycle Shift-Dir - straight line, f/p - gnoll
Aim: a gnoll, wielding a +0 whip (lightly wounded, 68% to hit)
You shoot an arrow. The arrow hits the gnoll.
The gnoll is moderately wounded.
The gnoll hits you with a +0 whip.
* * * LOW HITPOINT WARNING * * *
Fire: a) +0 shortbow
Press: ? - help, Q - select action, (/) - cycle Shift-Dir - straight line, f/p - gnoll
Aim: a gnoll, wielding a +0 whip (moderately wounded, 68% to hit)
You shoot an arrow. The arrow hits the gnoll!
You kill the gnoll!
The ball python barely misses you. The ball python grabs you.
The ball python constricts you.
* * * LOW HITPOINT WARNING * * *
Fire: a) +0 shortbow
Press: ? - help, Q - select action, (/) - cycle Shift-Dir - straight line, f - ball python
Aim: a ball python (constricting you, 61% to hit)
You shoot an arrow.
The arrow hits the ball python but does no damage.
The gnoll barely misses you. The ball python bites you.
* * * LOW HITPOINT WARNING * * *
The ball python constricts you.
* * * LOW HITPOINT WARNING * * *
The gnoll hits you from afar with a +0 spear.
You die...

####.#####
#..####.#...######
#.# #..####.##.##
#.#
####..........#
#.#
#......###.####
#......# #.#
#.#...## #.# ..
##..####.# #
#.......#
#@####### #S# #g#
#...).....#
#.##.####.# # #..
#.# ... #..


You could see a gnoll and a ball python.

Vanquished Creatures
  A black bear (D:3)
  2 orc wizards (D:3)
  3 gnolls (D:3)
  3 adders (D:2)
  2 orcs
  2 bats
  5 endoplasms
  4 giant cockroaches (D:1)
  7 goblins
  3 hobgoblins (D:2)
  5 quokkas
  7 ball pythons
  2 frilled lizards (D:2)
  6 kobolds
  7 rats
59 creatures vanquished.

Notes
Turn   | Place    | Note
-------+----------+-------------------------------------------
     0 | D:1      | Darkkill the Minotaur Hunter began the quest for the Orb.
     0 | D:1      | Reached XP level 1. HP: 18/18 MP: 0/0
   127 | D:1      | Reached skill level 1 in Stealth
   128 | D:1      | HP: 3/18 [kobold/+0 dagger (2)]
   295 | D:1      | Reached XP level 2. HP: 25/25 MP: 1/1
  1164 | D:2      | Reached XP level 3. HP: 31/31 MP: 2/2
  1231 | D:2      | Found a faded altar of an unknown god.
  1533 | D:2      | Reached XP level 4. HP: 38/38 MP: 3/3
  2437 | D:3      | Reached skill level 5 in Ranged Weapons
  2631 | D:3      | Noticed a black bear
  2637 | D:3      | Killed a black bear
  2638 | D:3      | Reached XP level 5. HP: 33/46 MP: 4/4
  2773 | D:3      | HP: 9/46 [gnoll/+0 whip (5)]
  2775 | D:3      | HP: 4/46 [constriction (1)]
  2775 | D:3      | Slain by a gnoll

Illustrated notes

Levels and vault maps discovered:
D:1:      sevenhm_arrival_forest_fort_small_5, layout_basic,
          minmay_close_crescents
D:2:      layout_basic, nicolae_ecumenical_lake_church, hangedman_glass_teeth
D:3:      layout_loops_corners, chequers_serial_rivers_room_b

Skill      XL: |  1  2  3  4 |
---------------+-------------+-----
Stealth        | 1 2 |  2.6
Fighting       | 3 4 |  4.2
Dodging        | 3 |  3.9
Ranged Weapons | 5 |  5.4

Action                     |  1- 3 |  4- 6 || total
---------------------------+-------+-------++-------
   Fire: Shortbow          |    87 |    69 ||   156
    Use: Scroll            |     6 |     3 ||     9
         Potion            |       |     1 ||     1
 Armour: Leather armour    |    17 |     5 ||    22
  Dodge: Dodged            |    30 |    13 ||    43

Table legend: (Time is in decaauts)
 A = Elapsed time spent in this place.
 B = Non-inter-level travel time spent in this place.
 C = Inter-level travel time spent in this place.
 D = Time resting spent in this place.
 E = Time spent auto-exploring this place.
 F = Levels seen in this place.
 G = Mean time per level.
                   A        B        C        D        E       F      G
               +--------+--------+--------+--------+--------+-----+--------+
         Total |   2826 |   2742 |     84 |     43 |   2366 |   3 |  942.0 |
       Dungeon |   2826 |   2742 |     84 |     43 |   2366 |   3 |  942.0 |
               +--------+--------+--------+--------+--------+-----+--------+

Top non-repeatable levels by time:
     D:2: 1426 daAuts
     D:1: 1043 daAuts
     D:3: 355 daAuts

Levels and vault maps discovered:
D:1:      sevenhm_arrival_forest_fort_small_5, layout_basic,
          minmay_close_crescents
D:2:      layout_basic, nicolae_ecumenical_lake_church, hangedman_glass_teeth
D:3:      layout_loops_corners, chequers_serial_rivers_room_b

Table legend: (Time is in decaauts)
 A = Elapsed time spent in this place.
 B = Non-inter-level travel time spent in this place.
 C = Inter-level travel time spent in this place.
 D = Time resting spent in this place.
 E = Time spent auto-exploring this place.
 F = Levels seen in this place.
 G = Mean time per level.
                   A        B        C        D        E       F      G
               +--------+--------+--------+--------+--------+-----+--------+
         Total |   2826 |   2742 |     84 |     43 |   2366 |   3 |  942.0 |
       Dungeon |   2826 |   2742 |     84 |     43 |   2366 |   3 |  942.0 |
               +--------+--------+--------+--------+--------+-----+--------+

Top non-repeatable levels by time:
     D:2: 1426 daAuts
     D:1: 1043 daAuts
     D:3: 355 daAuts

Table legend:
 A = Kills in this place as a percentage of kills in the entire game.
 B = Kills by you in this place as a percentage of kills by you in the entire game.
 C = Kills by friends in this place as a percentage of kills by friends in the entire game.
 D = Other kills in this place as a percentage of other kills in the entire game.
 E = Experience gained in this place as a percentage of experience gained in the entire game.
 F = Experience gained in this place divided by the number of levels of this place that you have seen.
                   A       B       C       D       E      F
               +-------+-------+-------+-------+-------+----------------------
         Total | 100.0 | 100.0 |   N/A |   N/A | 100.0 | 118.3
       Dungeon | 100.0 | 100.0 |   N/A |   N/A | 100.0 | 118.3
               +-------+-------+-------+-------+-------+----------------------
